Map: 黃金之柱 - 天梯版

Players

ExpecT - Winner!

  • Race: Terran Terran
  • Spawn Location: 1:00

Bistork

  • Race: Protoss Protoss
  • Spawn Location: 7:00

Event: DreamHack SC2 Masters 2020 Winter

VOD

Have the link to the VOD?

Description

Time

  • Played on: Oct. 17, 2020, 8:58 a.m.
  • Length: 10:11

All games in this series

Show
View Real Time Build Order
Export as new Build Order

ExpecT Terran - Winner!

Build Orders: Gas First Reaper Expand 

Get SALT Encoding   

  12  0:00  SCV  
  13  0:12  SCV  
  14  0:17  Supply Depot  
  14  0:24  SCV  
  15  0:32  Refinery  
  15  0:39  SCV  
  16  0:46  Barracks  
  16  0:51  SCV  
  17  1:03  SCV  
  18  1:15  SCV  
  19  1:32  Orbital Command  
  19  1:33  Reaper  
  20  1:48  Command Center  
  20  2:04  Factory, SCV  
  21  2:09  Barracks Reactor  
  21  2:18  Supply Depot  
  21  2:19  SCV  
  22  2:24  Refinery  
  22  2:31  SCV  
  23  2:43  SCV  
  24  2:47  Starport  
  24  2:57  Hellion x2  
  28  3:02  Orbital Command  
  28  3:03  SCV  
  28  3:19  Hellion x2  
  31  3:23  Medivac  
  33  3:30  SCV x2  
  35  3:36  Barracks Tech Lab  
  35  3:42  SCV x2  
  36  3:50  Supply Depot  
  36  3:53  Bunker  
  36  3:59  Starport Tech Lab  
  36  4:01  SCV  
  36  4:02  SCV  
  38  4:04  Siege Tank  
  38  4:05  Marine  
  38  4:06  Marine  
  43  4:16  SCV x2  
  45  4:17  Raven  
  47  4:25  Marine x2  
  47  4:29  Supply Depot  
  41  4:39  SCV x2  
  41  4:41  Barracks  
  41  4:43  Marine x2  
  45  4:50  Siege Tank  
  46  4:53  SCV x2  
  48  5:00  Barracks  
  48  5:06  SCV x2  
  48  5:07  Marine  
  50  5:10  Marine  
  51  5:18  SCV x2  
  48  5:36  Marine x2  
  48  5:38  SCV x2, Engineering Bay  
  48  5:41  Barracks  
  52  5:44  Viking, Factory Tech Lab, Stimpack  
  52  5:46  Marine  
  55  5:53  SCV x2  
  57  5:57  Supply Depot  
  57  5:59  Marine x2  
  61  6:04  Marauder  
  61  6:08  Missile Turret  
  61  6:09  SCV  
  62  6:18  Marine x2  
  62  6:19  SCV  
  62  6:22  Supply Depot x2  
  62  6:24  SCV  
  62  6:25  Marine  
  67  6:31  SCV  
  68  6:33  Starport  
  68  6:45  SCV  
  68  6:46  Combat Shield, SCV, Marine x2, Marauder  
  68  6:47  Marauder  
  75  6:52  Factory Reactor  
  75  6:56  Refinery  
  75  6:58  Refinery  
  75  6:59  SCV  
  75  7:00  Supply Depot, SCV  
  77  7:05  Marine x2  
  77  7:08  Marauder x2  
  83  7:18  SCV x2  
  83  7:19  Terran Infantry Weapons Level 1  
  85  7:23  Supply Depot  
  85  7:27  Barracks  
  85  7:28  Marine x2, Barracks  
  87  7:30  Medivac  
  87  7:33  Marauder x2  
  93  7:38  Supply Depot  
  93  7:41  Supply Depot  
  93  7:44  Medivac  
  95  7:54  Widow Mine  
  95  7:55  Widow Mine, Marine, Marauder  
  102  8:00  Marine, Marauder  
  102  8:03  Medivac  
  107  8:08  Supply Depot  
  107  8:13  Concussive Shells  
  107  8:18  Widow Mine x2  
  111  8:20  Supply Depot, Marine  
  111  8:21  Marine x3, Marauder, Supply Depot  
  117  8:29  Marauder  
  114  8:38  Marine x2  
  114  8:39  Marine x2  
  111  8:42  Marauder  
  111  8:45  Widow Mine x2  
  109  8:51  Marauder  
  97  8:56  Marine x3  
  91  9:04  Marauder  
  91  9:06  Widow Mine x2  
  91  9:09  Marine  
  93  9:12  Marauder  
  93  9:13  Medivac  
  93  9:14  Marine x3  
  91  9:25  Marauder  
  91  9:27  Medivac  
  91  9:28  Widow Mine x2  
  97  9:39  Marine x3, Marauder  
  102  9:46  Marauder  
  102  9:50  Widow Mine  
  102  9:51  Marine  
Show
View Real Time Build Order
Export as new Build Order

Bistork Protoss 

Build Orders: 1 Gate Expand, Zealot Archon, Dark Templar Rush 

Get SALT Encoding   

  12  0:00  Probe  
  13  0:12  Probe  
  14  0:17  Pylon  
  14  0:26  Probe (Chrono Boost)  
  15  0:38  Probe (Chrono Boost)  
  15  0:40  Gateway  
  16  0:43  Probe (Chrono Boost)  
  16  0:47  Assimilator  
  17  0:52  Probe  
  18  1:04  Probe  
  19  1:16  Probe  
  20  1:27  Cybernetics Core  
  20  1:38  Nexus  
  20  1:44  Pylon  
  20  1:46  Probe  
  21  1:55  Assimilator  
  21  1:59  Probe  
  22  2:02  Adept (Chrono Boost)  
  22  2:07  Warp Gate  
  24  2:12  Probe  
  25  2:22  Stalker (Chrono Boost)  
  25  2:24  Probe  
  28  2:35  Twilight Council  
  28  2:36  Probe  
  29  2:48  Probe  
  29  2:51  Probe  
  31  3:03  Probe (Chrono Boost)  
  31  3:05  Probe (Chrono Boost)  
  33  3:06  Robotics Facility  
  33  3:16  Probe (Chrono Boost)  
  33  3:18  Probe (Chrono Boost)  
  35  3:20  Dark Shrine  
  35  3:21  Probe (Chrono Boost)  
  35  3:25  Probe  
  37  3:32  Probe  
  37  3:33  Gateway  
  38  3:37  Gateway  
  38  3:39  Probe  
  39  3:45  Probe  
  40  3:51  Warp Prism (Chrono Boost), Probe  
  43  3:57  Stalker  
  43  4:01  Shield Battery  
  44  4:16  Probe  
  37  4:26  Probe  
  35  4:31  Probe  
  35  4:33  Stalker x2  
  37  4:38  Probe  
  38  4:51  Dark Templar  
  40  4:56  Dark Templar  
  42  5:05  Probe x2 (Chrono Boost)  
  42  5:12  Dark Templar  
  44  5:18  Probe (Chrono Boost)  
  45  5:22  Probe  
  45  5:27  Probe  
  43  5:39  Pylon  
  43  5:40  Probe  
  44  5:43  Probe  
  44  5:45  Nexus  
  44  5:48  Pylon  
  45  5:54  Pylon  
  45  5:58  Dark Templar  
  45  6:00  Probe x2 (Chrono Boost)  
  49  6:05  Dark Templar  
  49  6:09  Archon  
  49  6:10  Dark Templar, Probe (Chrono Boost)  
  54  6:21  Probe  
  54  6:23  Probe  
  56  6:34  Probe  
  56  6:36  Probe  
  56  6:42  Assimilator  
  56  6:45  Assimilator  
  56  6:46  Probe  
  57  6:48  Probe  
  57  6:49  Immortal  
  57  6:50  Charge (Chrono Boost)  
  58  6:58  Pylon, Probe  
  58  7:00  Probe  
  64  7:02  Probe  
  64  7:05  Shield Battery  
  65  7:10  Probe  
  65  7:12  Probe  
  67  7:22  Gateway  
  67  7:23  Gateway  
  67  7:24  Gateway  
  67  7:27  Gateway, Sentry x2  
  71  7:30  Gateway, Zealot  
  73  7:37  Immortal (Chrono Boost)  
  77  7:44  Pylon  
  77  7:45  Probe x3  
  77  7:49  Pylon  
  80  7:57  Probe x2  
  82  8:02  Dark Templar x2  
  86  8:06  Archon  
  86  8:09  Zealot  
  86  8:11  Immortal (Chrono Boost)  
  92  8:25  Zealot x5  
  102  8:29  Pylon  
  82  8:44  Zealot x3  
  82  8:46  Zealot x2  
  90  8:51  Zealot x3  
  86  8:56  Warp Prism (Chrono Boost)  
  74  9:13  Sentry  
  74  9:14  Stalker x3, Sentry x2  
  74  9:24  Stalker x2  
  68  9:37  Zealot x3  
  68  9:44  Dark Templar  
  68  9:45  Dark Templar x2  
  64  9:52  Zealot x2  
  63  9:59  Zealot x3  
Tags
 
Add a new tag
Caveats
  • Supply blocks, unpowered buildings, or Contaminate may cause inaccurate times.
  • Supply counts are checked every 10 seconds.